Map: [ESL] Dragon Scales

Players

Serral - Winner!

  • Race: Zerg Zerg
  • League: Diamond
  • Spawn Location: 5:00

Reynor

  • Race: Zerg Zerg
  • Spawn Location: 11:00

Event: ESL SC2 Masters 2023 Summer (Finals)

VOD

Have the link to the VOD?

Description

Time

  • Played on: June 18, 2023, 11:52 a.m.
  • Length: 6:02

All games in this series

Show
View Real Time Build Order
Export as new Build Order

Serral Zerg - Winner!

Build Orders: Hatch First 

Get SALT Encoding   

  12  0:00  Drone  
  13  0:12  Overlord  
  13  0:16  Drone  
  14  0:30  Drone x2  
  16  0:48  Hatchery  
  15  0:51  Drone  
  15  0:54  Drone  
  17  0:57  Drone  
  18  1:07  Extractor  
  17  1:12  Spawning Pool  
  17  1:15  Drone  
  17  1:19  Drone  
  18  1:27  Drone  
  19  1:38  Drone  
  20  1:48  Drone  
  21  1:59  Queen x2  
  21  2:00  Overlord, Zergling x2  
  26  2:10  Drone x2  
  26  2:11  Metabolic Boost  
  28  2:21  Zergling x2  
  28  2:22  Drone  
  30  2:35  Hatchery, Drone  
  30  2:38  Drone  
  30  2:42  Drone  
  32  2:47  Baneling Nest  
  32  2:50  Overlord  
  31  2:56  Drone x2  
  33  3:05  Drone  
  33  3:08  Drone x2  
  33  3:09  Zergling x6  
  33  3:12  Zergling x2  
  40  3:16  Drone  
  40  3:17  Overlord  
  41  3:20  Drone  
  41  3:27  Queen  
  44  3:35  Baneling x2  
  44  3:39  Zergling x2  
  45  3:41  Drone  
  45  3:42  Extractor, Drone  
  45  3:43  Roach Warren  
  45  3:46  Baneling  
  45  3:47  Zergling x2  
  46  3:50  Drone x3  
  46  3:52  Drone  
  47  3:56  Zergling x4  
  47  3:58  Drone  
  47  3:59  Drone  
  50  4:04  Evolution Chamber  
  49  4:10  Overlord x2  
  51  4:24  Roach x3  
  51  4:25  Roach  
  51  4:29  Roach  
  59  4:33  Roach  
  59  4:34  Roach x2  
  59  4:36  Roach  
  67  4:41  Roach  
  67  4:44  Roach x2  
  73  4:47  Overlord  
  73  4:50  Overlord  
  72  4:57  Zergling x4  
  74  5:02  Overlord  
  74  5:07  Zergling x10  
  79  5:09  Baneling x2  
  79  5:10  Baneling x2  
  79  5:11  Baneling  
  79  5:17  Zergling x8  
  79  5:18  Zergling x2  
  81  5:24  Zergling x2  
  81  5:25  Zergling x4  
  84  5:33  Zergling x2  
  84  5:34  Zergling x8  
  89  5:38  Zergling x6  
Show
View Real Time Build Order
Export as new Build Order

Reynor Zerg 

Build Orders: Hatch First 

Get SALT Encoding   

  12  0:00  Drone  
  13  0:11  Overlord  
  13  0:16  Drone  
  14  0:29  Drone  
  14  0:30  Drone  
  16  0:47  Hatchery  
  15  0:51  Drone  
  15  0:55  Drone  
  17  0:58  Drone  
  18  1:09  Extractor  
  17  1:13  Spawning Pool  
  17  1:16  Drone  
  17  1:19  Drone  
  18  1:27  Drone  
  19  1:37  Drone  
  20  1:48  Drone  
  21  1:59  Overlord, Queen x2  
  21  2:00  Zergling x2  
  26  2:08  Metabolic Boost  
  26  2:10  Drone  
  26  2:11  Drone  
  28  2:20  Drone  
  28  2:21  Drone  
  30  2:31  Zergling x2  
  30  2:37  Hatchery  
  30  2:38  Drone  
  30  2:43  Baneling Nest  
  30  2:46  Drone  
  30  2:50  Overlord  
  31  2:54  Drone  
  31  2:56  Drone  
  33  3:05  Drone  
  34  3:09  Zergling x10  
  39  3:13  Zergling x2  
  39  3:15  Zergling x2  
  39  3:18  Drone  
  42  3:20  Overlord  
  42  3:27  Baneling x2  
  42  3:28  Zergling x2  
  42  3:30  Evolution Chamber  
  42  3:31  Drone  
  42  3:32  Baneling x2  
  43  3:41  Drone x4  
  47  3:45  Drone x2  
  49  3:49  Overlord  
  45  3:58  Drone x2  
  45  3:59  Drone  
  42  4:05  Drone  
  42  4:09  Drone x3  
  46  4:10  Drone  
  46  4:14  Queen  
  49  4:18  Zergling x4  
  49  4:23  Baneling x2  
  51  4:24  Zergling x4  
  51  4:27  Drone x2  
  51  4:28  Drone  
  51  4:31  Drone  
  57  4:33  Drone  
  57  4:37  Drone  
  59  4:39  Extractor  
  59  4:40  Roach Warren  
  59  4:41  Overlord  
  59  4:42  Drone  
  59  4:43  Drone  
  59  4:46  Extractor, Drone  
  59  4:47  Drone  
  59  4:48  Drone  
  59  4:50  Drone  
  59  4:51  Drone  
  63  4:53  Drone  
  63  4:54  Drone  
  65  5:05  Spine Crawler  
  65  5:06  Zergling x8  
  66  5:09  Spine Crawler  
  66  5:10  Overlord  
  65  5:20  Roach  
  65  5:21  Roach x5  
  73  5:27  Overlord  
  72  5:29  Roach x2  
  72  5:34  Roach  
  76  5:36  Roach x2  
  76  5:38  Zergling x4  
  76  5:41  Roach  
Tags
 
Add a new tag
Caveats
  • Supply blocks, unpowered buildings, or Contaminate may cause inaccurate times.
  • Supply counts are checked every 10 seconds.